 Dungeon Crawl Stone Soup version 0.27-a0-1202-ge72e49191c (webtiles) character file.

Game seed: 10693917796817446897

99 bande the Covered (level 4, 0/28 HPs)
             Began as a Gargoyle Fighter on June 4, 2021.
             Slain by an orc wizard
             ... wielding a +0 dagger
              (1 damage)
             ... on level 3 of the Dungeon.
             The game lasted 00:03:06 (1738 turns).

bande the Covered (Gargoyle Fighter)                Turns: 1738, Time: 00:03:06

Health: 0/28       AC: 10    Str: 16 (19) XL:     4   Next: 72%
Magic:  4/4        EV:  7    Int:  8 (9)  God:
Gold:   88         SH:  8    Dex:  7 (10) Spells: 3/3 levels left

rFire    . . .     SeeInvis .   a - +1 war axe
rCold    . . .     Faith    .   c - +0 kite shield
rNeg     + . .     Spirit   .   b - +0 scale mail
rPois    ∞         Reflect  .   (no helmet)
rElec    +         Harm     .   (no cloak)
rCorr    .         Rampage  .   (no gloves)
Will     .....                  (no boots)
Stlth    ..........             (no amulet)
HPRegen  0.09/turn              (no ring)
MPRegen  0.09/turn              (no ring)

@: mighty, on berserk cooldown, slowed, very slow
A: sickness immunity, AC +3, negative energy resistance 1, electricity
resistance, torment resistance 1, petrification resistance
a: no special abilities


You were on level 3 of the Dungeon.
You visited 1 branch of the dungeon, and saw 3 of its levels.

You collected 88 gold pieces.

Inventory:

Hand Weapons
 a - a +1 war axe (weapon)
Armour
 b - a +0 scale mail (worn)
 c - a +0 kite shield (worn)
Potions
 f - 2 potions of flight
 l - a potion of invisibility


   Skills:
 + Level 3.5 Fighting
 + Level 3.0 Axes
 + Level 4.0 Armour
 + Level 0.9 Dodging
 + Level 3.9 Shields


You had 3 spell levels left.
You didn't know any spells.
Your spell library was empty.

Dungeon Overview and Level Annotations

Branches:
Dungeon (3/15)

Altars:


Innate Abilities, Weirdness & Mutations

You are immune to sickness and miasma.
Your stone body is resilient. (AC +3)
You are immune to poison.
You resist negative energy. (rN+)
You are resistant to electric shocks. (rElec)
You are resistant to unholy torment.
You are immune to petrification.


Message History

The magic dart hits something.
Reactivating autopickup.
You feel a bit more experienced.
The orc priest casts a cantrip, but nothing happens.
You feel your intelligence returning.
Your Armour skill increases to level 4!
You slash the hobgoblin!
You kill the hobgoblin!
A magic dart appears from out of thin air!
Deactivating autopickup; reactivate with Ctrl-A.
The magic dart hits you but does no damage.
You feel your intelligence returning.
Your Axes skill increases to level 3!
The orc hits you with a +0 dagger. Something hits you but does no damage.
You block the orc priest's attack.
Items here: )) [[ †††.
You barely miss something. You slash the orc!
You kill the orc!
Something hits you but does no damage.
The orc priest hits you from afar with a +0 trident.
You completely miss something.
An endoplasm comes into view.
Something hits you.
The orc priest invokes the aid of Beogh against you.
You miss something. You barely miss the orc.
You are no longer berserk.
You are exhausted.
You feel yourself slow down. You block the orc's attack.
You hear some strange, mumbled words.
Something tries to affect you, but you resist.
The orc priest casts a cantrip, but nothing happens.
The orc hits you but does no damage.
You miss something. You slash the orc!
You kill the orc!
Something hits you but does no damage.
The orc priest calls down the wrath of Beogh upon you.
Beogh smites you!
* * * LOW HITPOINT WARNING * * *
Something hits you.
You die...

#.#.# ##.......####.#.#
#....#####..†####..)....
##...#............###.
..###.......##.##..######.
.......".#####.##.###...>.
..##..#.J.# #.#..###.####
.... ##.o# #....)......#
..## #w{# ##...........# .
##@###............#
#.##..[..........#
####.#...........#
#.#.########### # #. ##
##### #.... #..###


You could see an orc priest, a dart slug and an endoplasm.

Vanquished Creatures
  2 adders
  A worm (D:3)
  4 dart slugs
  3 orcs (D:3)
  5 bats
  2 endoplasms
  A giant cockroach (D:2)
  5 goblins
  2 hobgoblins
  4 jackals (D:1)
  A kobold (D:1)
  A quokka (D:2)
  6 ball pythons
  A frilled lizard (D:2)
  5 rats
43 creatures vanquished.

Vanquished Creatures (others)
  An orc wizard (D:3)
  A plant (D:1)
2 creatures vanquished.

Grand Total: 45 creatures vanquished

Notes
Turn   | Place    | Note
-------+----------+-------------------------------------------
     0 | D:1      | bande the Gargoyle Fighter began the quest for the Orb.
     0 | D:1      | Reached XP level 1. HP: 14/14 MP: 1/1
   136 | D:1      | Reached XP level 2. HP: 19/19 MP: 2/2
   232 | D:1      | Found a faded altar of an unknown god.
   279 | D:1      | Reached XP level 3. HP: 21/23 MP: 3/3
  1660 | D:3      | Reached XP level 4. HP: 21/28 MP: 4/4
  1733 | D:3      | Reached skill level 4 in Armour
  1738 | D:3      | HP: 1/28 [orc priest/divine providence (12)]
  1738 | D:3      | Slain by an orc wizard

Illustrated notes

Levels and vault maps discovered:
D:1:      giann_wishing_wells, layout_rooms,
          shapermc_ecumenical_altar_mp_highgroup, serial_forest,
          infiniplex_forest_straight_2, infiniplex_forest_lined_corner,
          infiniplex_forest_straight_4, infiniplex_forest_lined_1,
          infiniplex_forest_end_double, infiniplex_forest_clump_curved,
          infiniplex_forest_clump_tiny, infiniplex_forest_clump_small,
          infiniplex_forest_clump_medium
D:2:      layout_basic
D:3:      layout_rooms, uniq_ijyb

Skill      XL: |  1  2  3  4 |
---------------+-------------+-----
Axes           | 2 3 |  3.0
Armour         | 4 |  4.0
Fighting       | |  3.5
Dodging        | |  0.9
Shields        | |  3.9

Action                   |  1- 3 |  4- 6 || total
-------------------------+-------+-------++-------
Melee: War axe           |   112 |    29 ||   141
  Use: Scroll            |     4 |       ||     4
       Potion            |     1 |     9 ||    10
Armor: Scale mail        |    66 |    23 ||    89
Dodge: Dodged            |    35 |     8 ||    43
Block: Kite shield       |    52 |    10 ||    62

Table legend: (Time is in decaauts)
 A = Elapsed time spent in this place.
 B = Non-inter-level travel time spent in this place.
 C = Inter-level travel time spent in this place.
 D = Time resting spent in this place.
 E = Time spent auto-exploring this place.
 F = Levels seen in this place.
 G = Mean time per level.
                   A        B        C        D        E       F      G
               +--------+--------+--------+--------+--------+-----+--------+
         Total |   1828 |   1766 |     62 |      1 |   1367 |   3 |  609.3 |
       Dungeon |   1828 |   1766 |     62 |      1 |   1367 |   3 |  609.3 |
               +--------+--------+--------+--------+--------+-----+--------+

Top non-repeatable levels by time:
     D:2: 733 daAuts
     D:1: 694 daAuts
     D:3: 400 daAuts
